 Dungeon Crawl Stone Soup version 0.31.0-9-g3a7656b989 (webtiles) character file.

Game seed: 628573551301566079

32 qw the Shooter (level 3, 0/18 HPs)
             Began as a Spriggan Hunter on Feb 2, 2024.
             Succumbed to their own poison gas
             ... on level 2 of the Dungeon.
             The game lasted 00:00:03 (1477 turns).

qw the Shooter (Spriggan Hunter)                    Turns: 1477, Time: 00:00:03

Health: 0/18       AC:  2    Str:  7    XL:     3   Next: 8%
Magic:  4/4        EV: 19    Int: 10    God:
Gold:   220        SH:  0    Dex: 20    Spells: 2/2 levels left

rFire   . . .        a - +0 shortbow (heavy)
rCold   . . .        (shield currently unavailable)
rNeg    . . .        c - +0 robe
rPois   .            (helmet restricted)
rElec   .            (no cloak)
rCorr   .            (gloves unavailable)
SInv    +            (boots unavailable)
Will    .....        (no amulet)
Stlth   ++           (no ring)
HPRegen 0.23/turn    (no ring)
MPRegen 0.09/turn

%: no passive effects
@: lethally poisoned (0 -> -2), very quick
A: very small, no large weapons, unfitting armour, see invisible, speed 3
a: no special abilities


You were on level 2 of the Dungeon.
You visited 1 branch of the dungeon, and saw 2 of its levels.

You collected 220 gold pieces.


Innate Abilities, Weirdness & Mutations

You are very small and have problems with some larger weapons.
You are too small for most types of armour.
You have supernaturally acute eyesight. (SInv)
You cover ground extremely quickly. (Speed+++)


   Skills:
 - Level 1.5 Fighting
 + Level 4.4 Ranged Weapons
 - Level 4.0 Dodging
 - Level 1.5 Stealth


You had 2 spell levels left.
You didn't know any spells.
Your spell library was empty.

Inventory:

Hand Weapons
 a - a +0 heavy shortbow (weapon)
Armour
 c - a +0 robe (worn)
Potions
 e - a potion of enlightenment
 h - a potion of resistance

Dungeon Overview and Level Annotations

Branches:
Dungeon (2/15)

Altars:


Message History

1466 ||| READING 2 scrolls labelled ACRAEFUSEU.
The air fills with toxic fumes!
As you read the scroll labelled ACRAEFUSEU, it crumbles to dust.
It was a scroll of poison.
Done exploring.
1467 ||| DROPPING scroll of poison.
You drop a scroll of poison.
Done exploring.
What level of the Dungeon? (default 2, ? - help) Sorry, I don't know how to get there.
Enter note:
Enter note:
Enter note:
Enter note:
Enter note:
Enter note:
Enter note:
Enter note:
Enter note: You are engulfed in poison gas.
You are lethally poisoned!
You feel very sick.
1469 ||| Stepping ~*~*~tactically~*~*~ (cloud).
You feel sick.
You see here a scroll of poison.
There is a lethal amount of poison in your body!
You feel very sick.
There is a lethal amount of poison in your body!
You feel sick.
There is a lethal amount of poison in your body!
You feel sick.
There is a lethal amount of poison in your body!
You feel sick.
There is a lethal amount of poison in your body!
You feel sick.
There is a lethal amount of poison in your body!
You feel sick.
There is a lethal amount of poison in your body!
You feel sick.
There is a lethal amount of poison in your body!
You die...

###.#####..................# #
#......##..............##### ##
#.#.##.##..##.##.#...### #
.###.#.##.##..##........# #
..##.#.>......##.......## ###
..##.#######..#####.#...# #..
#.##.# #........#...# #.# #....#
#¤########...# ###.. ######
#.000@0# #|..# #.... .....#
#.####0###...#####.##.
.....#######.###.¤00..........##.
...........#.#...000¤............
.....###.....#.#.¤¤¤0000......##.
.....###...#.#.##¤#000¤¤.####.##.
##.<...##.##.....0#0¤0¤¤.## #....
#.###.##.####.####0¤¤0¤..######.
#.###.##......# #.........######


There were no monsters in sight!

Vanquished Creatures
  An adder (D:2)
  3 bats
  2 endoplasms
  A giant cockroach (D:1)
  3 goblins
  A hobgoblin (D:2)
  A kobold (D:1)
  3 quokkas
  3 ball pythons
  A frilled lizard (D:2)
  3 rats
22 creatures vanquished.

Notes
Turn   | Place    | Note
-------+----------+-------------------------------------------
     0 | D:1      | qw the Spriggan Hunter began the quest for the Orb.
     0 | D:1      | Reached XP level 1. HP: 10/10 MP: 2/2
     0 | D:1      | 0 ||| qw: Version: 0.3-a-155-g5e7d8dd
     0 | D:1      | 0 ||| qw: Game counter: 2568
     0 | D:1      | 0 ||| qw: Melee chars always use a shield: true
     0 | D:1      | 0 ||| qw: God list: Okawaru
     0 | D:1      | 0 ||| qw: Allow faded altars: false
     0 | D:1      | 0 ||| qw: Do Orc after clearing Dungeon:15 true
     0 | D:1      | 0 ||| qw: Do second Lair branch before Depths: true
     0 | D:1      | 0 ||| qw: Lair rune preference: random
     0 | D:1      | 0 ||| qw: Goals: Normal
     0 | D:1      | 0 ||| PLANNING D:1-11
   189 | D:1      | Reached skill level 3 in Dodging
   552 | D:1      | Reached XP level 2. HP: 14/14 MP: 3/3
   892 | D:1      | 892 ||| READING scroll labelled WAGIMP HOPN.
   892 | D:1      | 892 ||| ENCHANTING +0 shortbow.
   893 | D:1      | 893 ||| READING scroll labelled DIROUNT HEFRI.
   893 | D:1      | 893 ||| IDENTIFYING black potion
   894 | D:1      | 894 ||| READING scroll labelled UQASUVVOJEQ.
   895 | D:1      | 895 ||| DRINKING 2 puce potions.
   896 | D:1      | 896 ||| DROPPING scroll of butterflies.
   897 | D:1      | 897 ||| DROPPING potion of attraction.
  1319 | D:2      | Reached XP level 3. HP: 18/18 MP: 4/4
  1463 | D:2      | 1463 ||| READING 2 scrolls of identify.
  1463 | D:2      | 1463 ||| IDENTIFYING bubbling cyan potion
  1464 | D:2      | 1464 ||| READING scroll of identify.
  1464 | D:2      | 1464 ||| IDENTIFYING scroll labelled TYMOEG MOLU
  1465 | D:2      | 1465 ||| READING scroll of brand weapon.
  1465 | D:2      | 1465 ||| BRANDING +0 shortbow.
  1466 | D:2      | 1466 ||| READING 2 scrolls labelled ACRAEFUSEU.
  1467 | D:2      | 1467 ||| DROPPING scroll of poison.
  1469 | D:2      | 1469 ||| Stepping ~*~*~tactically~*~*~ (cloud).
  1473 | D:2      | HP: 3/18 [poisoned by you (poison gas)]
  1476 | D:2      | HP: 1/18 [poisoned by you (poison gas)]
  1477 | D:2      | Succumbed to their own poison gas

Levels and vault maps discovered:
D:1:      dpeg_arrival_fog, layout_loops_ring, serial_co_window_serial,
          co_window_paths_a, co_window_paths_a, co_window_corner_a,
          co_window_corner_a, co_window_paths_b, co_window_2corner,
          co_window_corner_cb, co_window_corner_cb, co_window_unsneaky_path_b,
          glass_columns_b, minmay_hexomino_u4
D:2:      layout_loops_cross

Skill      XL: |  1  2 |
---------------+-------+-----
Dodging        | 3 4 |  4.0
Fighting       | |  1.5
Ranged Weapons | |  4.4
Stealth        | |  1.5

Action                     || total
---------------------------++-------
   Fire: Shortbow          ||    46
    Use: Scroll            ||     7
         Potion            ||     1
 Armour: Robe              ||     4
  Dodge: Dodged            ||    19

Table legend:
 A = Non-vault XP
 B = Vault XP
 C = Vault XP percentage of total XP
 D = Non-vault monster count
 E = Vault monster count
 F = Vault count percentage of total count
                 A         B        C        D         E       F
            +---------+---------+-------+---------+---------+-------
      Total |      39 |       7 |  15.2 |      18 |       4 |  18.2
            +---------+---------+-------+---------+---------+-------
        D:1 |      10 |       7 |  41.2 |       6 |       4 |  40.0
        D:2 |      29 |       0 |   0.0 |      12 |       0 |   0.0
            +---------+---------+-------+---------+---------+-------
